 Dungeon Crawl Stone Soup version 0.23-a0-586-gacb4b3f (webtiles) character file.

912 theanonym the Cudgeler (level 7, -1/50 HPs)
             Began as a Mummy Warper on Dec 19, 2018.
             Was a Follower of Okawaru.
             Slain by Blork the orc
             ... wielding a +3 war axe of freezing
              (6 damage)
             ... on level 5 of the Dungeon.
             The game lasted 00:07:12 (5346 turns).

theanonym the Cudgeler (Mummy Warper)               Turns: 5346, Time: 00:07:13

Health: -1/50      AC: 11    Str: 17    XL:     7   Next: 82%
Magic:  10/11      EV: 15    Int: 12    God:    Okawaru [*.....]
Gold:   269        SH:  0    Dex: 11    Spells: 11/11 levels left

rFire    + . .     SeeInvis .   a - +0 flail (crush)
rCold    . . .     Gourm    .   (no shield)
rNeg     + + +     Faith    .   m - +0 fire dragon scales
rPois    ∞         Spirit   .   (no helmet)
rElec    .         Reflect  .   (no cloak)
rCorr    .         Harm     .   (no gloves)
MR       .....                  r - +0 pair of boots
Stlth    ++........             (no amulet)
HPRegen  0.16/turn              j - +3 ring of evasion
MPRegen  0.12/turn              o - ring of stealth

@: heroism
A: no food or potions, fire vulnerability, cold resistance 1, negative energy
resistance 3, torment resistance, unbreathing
a: Heroism, Renounce Religion


Innate Abilities, Weirdness & Mutations

You do not eat or drink.
Your flesh is vulnerable to fire.
You are immune to poison.
Your flesh is cold resistant. (rC+)
You are immune to negative energy. (rN+++)
You are immune to unholy pain and torment.
You can survive without breathing.


   Skills:
 - Level 2.0(7.0) Fighting
 + Level 7.4(12.4) Maces & Flails
 - Level 0.7(5.7) Throwing
 - Level 0.7(5.7) Armour
 - Level 1.5(6.5) Dodging
 - Level 2.6 Spellcasting
   Level 2.4 Translocations
 + Level 1.8 Invocations


You had 11 spell levels left.
You didn't know any spells.
Your spell library contained the following spells:

 Spells                   Type           Power        Failure   Level  Hunger
 Blink                    Tloc           N/A          50%         2    N/A
 Shroud of Golubria       Chrm/Tloc      #.........   67%         2    N/A
 Animate Skeleton         Necr           N/A          69%         1    N/A
 Pain                     Necr           #...         69%         1    N/A
 Gell's Gravitas          Tloc           #.........   73%         3    N/A
 Lesser Beckoning         Tloc           #.........   73%         3    N/A
 Teleport Other           Tloc           #.......     73%         3    N/A
 Corpse Rot               Necr           N/A          83%         2    N/A
 Vampiric Draining        Necr           #.........   96%         3    N/A
 Passage of Golubria      Tloc           N/A          98%         4    N/A
 Animate Dead             Necr           N/A          100%        4    N/A
 Agony                    Necr           #.......     100%        5    N/A
 Bolt of Draining         Conj/Necr      #.........   100%        5    N/A
 Dispel Undead            Necr           #.......     100%        5    N/A
 Excruciating Wounds      Chrm/Necr      #.........   100%        5    N/A
 Sublimation of Blood     Necr           Unusable     N/A         2    N/A
 Regeneration             Chrm/Necr      Unusable     N/A         3    N/A

Skill      XL: |  1  2  3  4  5  6  7 |
---------------+----------------------+-----
Maces & Flails | 2 3 4 5 6 7 |  7.4
Invocations    | 1 |  1.8
Fighting       | |  2.0
Throwing       | |  0.7
Armour         | |  0.7
Dodging        | |  1.5
Spellcasting   | |  2.6
Translocations | |  2.4

Action                   |  1- 3 |  4- 6 |  7- 9 || total
-------------------------+-------+-------+-------++-------
Melee: Mace              |   158 |    20 |       ||   178
       Flail             |       |   140 |   154 ||   294
Invok: Heroism           |       |       |     2 ||     2
Evoke: Wand              |       |     3 |       ||     3
  Use: Scroll            |       |     6 |     1 ||     7
Armor: Leather armour    |    14 |       |       ||    14
       Scale mail        |    49 |     3 |       ||    52
       Chain mail        |       |    39 |       ||    39
       Fire dragon scale |       |    18 |    64 ||    82
Dodge: Dodged            |    86 |    83 |   103 ||   272

Inventory:

Hand Weapons
 a - a +0 flail of crushing (weapon)
   (You took it off an orc on level 3 of the Dungeon)
 b - a +0 blowgun
   (You took it off a kobold on level 3 of the Dungeon)
Missiles
 e - 5 tomahawks of dispersal (quivered)
 h - 2 steel tomahawks
 i - 6 poisoned needles
Armour
 l - a +0 chain mail
   (You found it on level 2 of the Dungeon)
 m - +0 fire dragon scales (worn)
   (You took it off an orc on level 3 of the Dungeon)
 r - a +0 pair of boots (worn)
   (You found it on level 4 of the Dungeon)
Magical Staves
 g - an uncursed staff of wizardry {unknown}
   (You found it on level 3 of the Dungeon)
Jewellery
 j - a +3 ring of evasion (left hand)
   (You found it on level 2 of the Dungeon)
 o - a ring of stealth (right hand)
   (You found it on level 4 of the Dungeon)
Wands
 d - a wand of flame (20)
   (You took it off an orc on level 4 of the Dungeon)
Scrolls
 c - 2 scrolls of enchant armour
 f - a scroll of fog
 k - 2 scrolls of immolation
 n - a scroll of remove curse {unknown}
 p - a scroll of fear {unknown}
 q - a scroll of amnesia {unknown}
 s - a scroll of random uselessness {unknown}
 t - 4 scrolls of teleportation {!r}
 B - 2 scrolls of blinking


You were on level 5 of the Dungeon.
You worshipped Okawaru.
Okawaru was aware of your devotion.
You were not hungry.

You visited 2 branches of the dungeon, and saw 6 of its levels.
You also visited: Sewer.

You collected 269 gold pieces.

Dungeon Overview and Level Annotations

Branches:
Dungeon (5/15)             Temple (1/1) D:4

Altars:
Dithmenos
Elyvilon
Gozag
Hepliaklqana
Kikubaaqudgha
Okawaru
Qazlal
Sif Muna
Trog
Zin
The Shining One

Annotations:
D:5 Blork the orc

#......o...##** #. ***********
#.#.#.#.#..* #. **,,,,,,,.,*
#.........###*****#.
*,,*,***,*.###.#.#.#.#...,,,,,,..
,,,,,,,,,,,............#**,****##
*,*,,,**,*,*#..#.#.#.#.##...#
,,,,,,,,,,,*#..........##...# #
*,*,,*******#..#.#.#.#.##...# ##
,,,,,* #...@{..[..##...# ##.
*,*,** #.###o..?####...# #.#
,,,,***#** #.#.......# #...# #.#
*,*,,,...####......##.###...###.#
,,,,,,.......#...................
,,,,>,.....≈.#..#...........)....
,,,,,,...≈⌠≈....#....)...........
,,,*,,....≈≈.....#[...###...###.#
,,****#......#.....%..###...###..


You could see an orc wizard.

Notes
Turn   | Place    | Note
-------+----------+-------------------------------------------
     0 | D:1      | theanonym the Mummy Warper began the quest for the Orb.
     0 | D:1      | Reached XP level 1. HP: 16/16 MP: 4/4
    16 | D:1      | HP: 7/16 [kobold/+0 dagger (3)]
   201 | D:1      | Reached skill level 2 in Maces & Flails
   298 | D:1      | Reached XP level 2. HP: 19/22 MP: 5/5
   520 | D:1      | Found a glowing golden altar of the Shining One.
  1077 | D:2      | Reached XP level 3. HP: 27/27 MP: 7/7
  1083 | D:2      | Reached skill level 3 in Maces & Flails
  1429 | D:2      | HP: 12/27 [frilled lizard (3)]
  1707 | D:2      | HP: 13/27 [adder (1)]
  1710 | D:2      | HP: 6/27 [adder (2)]
  2035 | D:2      | Noticed Jessica
  2041 | D:2      | Reached XP level 4. HP: 33/33 MP: 8/8
  2046 | D:2      | Killed Jessica
  2489 | D:3      | Reached skill level 4 in Maces & Flails
  2652 | D:3      | Noticed Sigmund
  2834 | D:3      | Reached XP level 5. HP: 35/38 MP: 9/9
  3557 | D:4      | HP: 16/38 [Sigmund/+0 scythe (5)]
  3558 | D:4      | Killed Sigmund
  3558 | D:4      | Reached skill level 5 in Maces & Flails
  3558 | D:4      | Reached XP level 6. HP: 18/44 MP: 10/10
  3761 | D:4      | Found a staircase to the Ecumenical Temple.
  3772 | Temple   | Entered the Ecumenical Temple
  3790 | Temple   | Became a worshipper of Warmaster Okawaru
  3908 | D:4      | Found a glowing golden altar of the Shining One.
  3908 | D:4      | Found a glowing silver altar of Zin.
  3914 | D:4      | Reached skill level 6 in Maces & Flails
  3973 | D:4      | Found a hazy altar of Hepliaklqana.
  3983 | D:4      | Reached XP level 7. HP: 38/50 MP: 11/11
  4282 | D:4      | Found a stormy altar of Qazlal.
  4384 | D:5      | Entered Level 5 of the Dungeon
  4524 | D:5      | Found a glowing drain.
  4528 | Sewer    | Entered a sewer
  4710 | Sewer    | Reached skill level 7 in Maces & Flails
  5090 | D:5      | Reached * piety under Okawaru
  5141 | D:5      | Noticed Blork the orc
  5242 | D:5      | Reached skill level 1 in Invocations
  5334 | D:5      | HP: 25/50 [Blork the orc/+3 war axe of freezing (1)]
  5339 | D:5      | HP: 18/50 [Blork the orc/+3 war axe of freezing (4)]
  5345 | D:5      | HP: 7/50 [something (6)]
  5346 | D:5      | Slain by Blork the orc

Vanquished Creatures
  Sigmund (D:4)
  2 ogres
  2 bullfrogs (Sewer)
  A scorpion (D:3)
  A hound (D:4)
  Jessica (D:2)
  2 orc wizards (D:5)
  2 worker ants
  2 worker ant zombies (D:5)
  7 adders
  2 gnolls (D:4)
  5 worms
  3 dart slugs
  8 leopard geckos
  18 orcs
  7 ball pythons
  4 bats
  11 giant cockroaches
  2 goblins
  8 hobgoblins
  2 jackals (D:3)
  A quokka (D:3)
  9 frilled lizards
  12 kobolds
  5 rats
118 creatures vanquished.

Table legend:
 A = Turns spent in this place as a percentage of turns spent in the entire game.
 B = Non-inter-level travel turns spent in this place as a percentage of non-inter-level travel turns spent in the entire game.
 C = Inter-level travel turns spent in this place as a percentage of turns spent in this place.
 D = Turns resting spent in this place as a percentage of non-inter-level travel turns spent in this place.
 E = Turns spent auto-exploring this place as a percentage of non-inter-level travel turns spent in this place.
 F = Non-inter-level travel turns spent in this place divided by the number of levels of this place that you've seen.
                   A       B       C       D       E      F
               +-------+-------+-------+-------+-------+----------------------
         Total | 100.0 | 100.0 |   5.1 |  36.7 |  44.5 | 725.0
       Dungeon |  90.0 |  89.7 |   5.5 |  39.9 |  43.3 | 910.2
        Temple |   0.5 |   0.4 |  28.6 |   0.0 |  50.0 |  20.0
         Sewer |   9.4 |   9.9 |   0.0 |   8.9 |  54.4 | 504.0
               +-------+-------+-------+-------+-------+----------------------
